AoeStats
← SlowBoy

Hideout

508263044Analyzed
1v1 RM · 10d ago on Sep 21, 2026· 58m 52s· 2 players
Game mode
Random Map
Map size
Tiny (2 player)
Population
200
Speed
Normal
Resources
Standard
Victory
Conquest
Starting age
Dark Age
Ending age
Imperial Age
RankedLock teamsTeams togetherTeam positionsShared explorationLock speedFull tech treeHidden civsTurbo modeCheats
Victory
Defeat
🇨🇭 Britons · Switzerland
1800
+14
🇧🇷 Khmer · Brazil
1750
-14
SlowBoy
10:22 Feudal Age
13:23 Castle Age
11:30 Double-Bit Axe
11:35 Horse Collar
14:18 Bow Saw
15:04 Heavy Plow
16:13 Loom
21:05 Wheelbarrow
21:10 Town Watch
21:53 Gold Mining
22:05 Stone Mining
23:29 Hand Cart
23:19 Fletching
28:52 Imperial Age
26:43 Tusk Swords
26:55 Bodkin Arrow
27:01 Padded Archer Armor
27:56 Gold Shaft Mining
28:17 Bloodlines
28:08 Husbandry
28:36 Masonry
29:08 Leather Archer Armor
29:39 Ballistics
30:37 Architecture
30:43 Conscription
31:40 Siege Engineers
31:23 Elite Ballista Elephant
32:24 Conscription
32:15 Bracer
33:19 Chemistry
32:50 Crop Rotation
32:41 Murder Holes
33:30 Double Crossbow
34:28 Ring Archer Armor
35:42 Scale Barding Armor
35:48 Forging
35:33 Light Cavalry
37:06 Chain Barding Armor
39:22 Iron Casting
40:03 Plate Barding Armor
39:34 Hussar
41:16 Blast Furnace
42:09 Elite Skirmisher
44:43 Double Crossbow
46:09 Scale Mail Armor
Boonii
9:57 Feudal Age
8:17 Loom
14:07 Castle Age
13:16 Double-Bit Axe
13:12 Horse Collar
21:28 Bow Saw
21:26 Heavy Plow
23:40 Wheelbarrow
22:52 Town Watch
27:32 Imperial Age
25:48 Ballistics
25:52 Gold Mining
26:56 Masonry
26:52 Fletching
27:28 Bodkin Arrow
28:13 Bracer
29:15 Chemistry
28:56 Padded Archer Armor
29:27 Conscription
30:12 Leather Archer Armor
32:30 Ring Archer Armor
31:53 Elite Longbowman
32:31 Treadmill Crane
33:08 Guard Tower
34:45 Architecture
35:54 Scale Barding Armor
35:59 Forging
36:21 Siege Engineers
37:01 Hand Cart
38:17 Keep
38:05 Chain Barding Armor
38:20 Iron Casting
38:27 Yeomen
38:23 Pikeman
39:04 Squires
38:58 Halberdier
41:27 Blast Furnace
40:28 Scale Mail Armor
44:28 Plate Barding Armor
44:20 Chain Mail Armor
44:13 Light Cavalry
44:53 Husbandry
46:50 Plate Mail Armor
Connection lost

Rejoining the realm…

Still unreachable

The connection could not be restored.

Session expired

The server has moved on; the page needs a fresh start.